Map: Dusk Towers

Players

IbTcTossOP

  • Race: Protoss Protoss
  • League: Gold

Seigifried - Winner!

  • Race: Protoss Protoss
  • League: Platinum

Event: Gauntlet LotV Series 1 Qualifier 2

VOD

Have the link to the VOD?

Description

Time

  • Played on: Dec. 5, 2015, 1:46 p.m.
  • Length: 9:04

All games in this series

Show
View Real Time Build Order
Export as new Build Order

IbTcTossOP Protoss 

Build Orders: Nexus First 

Get SALT Encoding   

  12  0:01  Probe (Chrono Boost)  
  13  0:12  Probe (Chrono Boost)  
  14  0:19  Pylon  
  14  0:22  Probe (Chrono Boost)  
  15  0:37  Probe (Chrono Boost)  
  16  0:48  Probe (Chrono Boost)  
  17  0:58  Nexus  
  17  1:08  Gateway  
  17  1:14  Probe (Chrono Boost)  
  17  1:16  Assimilator  
  18  1:21  Assimilator  
  19  1:25  Probe (Chrono Boost)  
  19  1:36  Probe (Chrono Boost)  
  20  1:46  Probe (Chrono Boost)  
  21  1:58  Cybernetics Core  
  21  2:01  Pylon  
  21  2:04  Probe (Chrono Boost)  
  22  2:19  Probe x2 (Chrono Boost)  
  24  2:29  Probe x2 (Chrono Boost)  
  25  2:34  Stalker (Chrono Boost)  
  25  2:35  Warp Gate  
  28  2:39  Probe  
  28  2:41  Mothership Core  
  28  2:42  Pylon  
  31  2:49  Gateway  
  31  2:50  Probe  
  32  3:01  Stalker (Chrono Boost)  
  32  3:02  Probe  
  35  3:08  Probe  
  36  3:14  Probe  
  36  3:18  Probe  
  37  3:20  Robotics Facility  
  37  3:26  Probe  
  39  3:29  Probe  
  39  3:31  Stalker (Chrono Boost)  
  42  3:37  Stalker (Chrono Boost)  
  42  3:38  Probe (Chrono Boost)  
  42  3:40  Probe (Chrono Boost)  
  46  3:49  Twilight Council  
  46  3:50  Probe (Chrono Boost)  
  46  3:52  Probe (Chrono Boost)  
  48  3:57  Gateway  
  48  4:01  Probe (Chrono Boost)  
  49  4:08  Pylon  
  49  4:09  Probe, Observer (Chrono Boost)  
  51  4:12  Assimilator  
  51  4:14  Pylon  
  51  4:15  Pylon  
  51  4:17  Probe  
  51  4:22  Assimilator  
  52  4:40  Stalker x2, Immortal (Chrono Boost)  
  60  4:48  Probe  
  60  4:50  Probe  
  60  4:52  Robotics Bay  
  62  4:59  Probe  
  62  5:02  Probe  
  62  5:03  Gateway, Blink  
  64  5:14  Stalker  
  66  5:34  Nexus  
  66  5:43  Pylon  
  66  5:44  Disruptor (Chrono Boost)  
  66  5:49  Gateway  
  69  5:50  Gateway  
  69  6:01  Pylon  
  69  6:03  Pylon  
  68  6:06  Pylon  
  68  6:07  Forge  
  68  6:08  Stalker x2  
  72  6:15  Disruptor (Chrono Boost)  
  75  6:28  Stalker, Probe  
  75  6:30  Probe  
  79  6:38  Robotics Facility  
  79  6:40  Probe, Protoss Ground Weapons Level 1 (Chrono Boost)  
  79  6:42  Probe, Pylon  
  79  6:44  Disruptor  
  79  6:45  Probe  
  81  6:52  Probe  
  87  6:54  Probe  
  87  6:55  Stalker  
  87  6:56  Probe  
  90  7:04  Probe  
  90  7:06  Probe x2  
  93  7:10  Stalker  
  93  7:11  Stalker x2  
  99  7:16  Probe  
  99  7:17  Probe  
  99  7:18  Probe  
  99  7:22  Stalker x2  
  106  7:28  Probe  
  107  7:30  Probe  
  107  7:34  Stalker x3  
  101  7:55  Disruptor  
  80  7:59  Disruptor  
  80  8:01  Stalker x3  
  80  8:02  Stalker x2, Mothership Core  
  72  8:52  Stalker x5  
Show
View Real Time Build Order
Export as new Build Order

Seigifried Protoss - Winner!

Build Orders: 1 Gate Expand 

Get SALT Encoding   

  12  0:02  Probe (Chrono Boost)  
  13  0:13  Probe (Chrono Boost)  
  14  0:18  Pylon  
  14  0:23  Probe (Chrono Boost)  
  15  0:36  Probe (Chrono Boost)  
  15  0:40  Gateway  
  16  0:48  Assimilator  
  16  0:49  Probe (Chrono Boost)  
  17  1:00  Probe (Chrono Boost)  
  18  1:10  Probe (Chrono Boost)  
  19  1:27  Nexus  
  19  1:36  Cybernetics Core  
  19  1:43  Probe (Chrono Boost), Assimilator  
  20  1:52  Pylon  
  20  2:00  Probe (Chrono Boost)  
  21  2:11  Probe (Chrono Boost)  
  22  2:16  Warp Gate  
  22  2:20  Gateway  
  22  2:22  Mothership Core (Chrono Boost)  
  24  2:29  Pylon  
  24  2:52  Gateway, Robotics Facility  
  24  2:59  Probe (Chrono Boost)  
  24  3:00  Probe (Chrono Boost)  
  26  3:07  Stalker  
  28  3:15  Stalker  
  28  3:17  Probe (Chrono Boost)  
  31  3:21  Probe (Chrono Boost)  
  32  3:27  Probe (Chrono Boost)  
  32  3:31  Probe (Chrono Boost)  
  34  3:34  Pylon  
  34  3:38  Probe (Chrono Boost)  
  35  3:45  Observer (Chrono Boost)  
  35  3:48  Probe  
  36  3:49  Probe  
  38  3:58  Probe  
  38  4:01  Probe  
  40  4:04  Twilight Council, Observer (Chrono Boost)  
  40  4:09  Probe  
  40  4:13  Probe  
  40  4:16  Assimilator  
  42  4:19  Probe  
  42  4:20  Stalker x2  
  47  4:28  Stalker  
  47  4:30  Probe x2  
  51  4:41  Probe  
  51  4:42  Probe  
  51  4:45  Blink (Chrono Boost)  
  53  4:48  Assimilator  
  53  4:54  Probe  
  53  4:56  Gateway x2  
  53  4:59  Gateway  
  54  5:04  Pylon  
  54  5:11  Probe  
  54  5:12  Robotics Bay  
  55  5:20  Stalker x2  
  59  5:24  Probe x2  
  61  5:36  Probe  
  61  5:54  Disruptor  
  61  5:55  Probe  
  61  5:56  Nexus  
  62  5:58  Pylon  
  65  6:12  Stalker x2  
  69  6:21  Probe  
  70  6:31  Stalker x4, Pylon  
  78  6:42  Pylon  
  78  6:44  Disruptor  
  78  6:47  Pylon  
  78  6:48  Pylon  
  81  6:57  Forge, Pylon  
  81  6:59  Probe x2  
  83  7:04  Stalker x3  
  83  7:05  Stalker  
  83  7:06  Probe  
  92  7:11  Probe x2  
  94  7:17  Probe  
  94  7:18  Warp Prism  
  98  7:23  Probe x2  
  99  7:33  Photon Cannon  
  99  7:35  Photon Cannon  
  99  7:42  Stalker x2  
  100  7:53  Disruptor  
  99  8:10  Probe  
  99  8:12  Probe x2  
  102  8:14  Assimilator  
  102  8:17  Assimilator  
  100  8:24  Probe  
  93  8:35  Stalker x6  
  94  9:00  Gateway  
  94  9:01  Photon Cannon  
  93  9:02  Pylon  
  93  9:03  Gateway  
Tags
 
Add a new tag
Caveats
  • Supply blocks, unpowered buildings, or Contaminate may cause inaccurate times.
  • Supply counts are checked every 10 seconds.